[Event "Team 45 45 League T38"]
[Site "Internet Chess Club"]
[Date "2008.09.15"]
[Round "8"]
[White "nodoyuna"]
[Black "viking99"]
[Result "0-1"]
[WhiteElo "1834"]
[BlackElo "1825"]
[Opening "Grünfeld: Stockholm variation"]
[ECO "D80"]
[Time "15:30:34"]
[TimeControl "2700+45"]

1. d4 Nf6 2. c4 g6 3. Nc3 d5 4. Bg5 Ne4 5. Bh4 Nxc3 6. bxc3 dxc4 7. Qa4+ Qd7 8.
Qxc4 b6 9. Nf3 Bg7 10. e3 Ba6 11. Qb3 Bxf1 12. Rxf1 O-O 13. Bg3 c5 14. Ne5 Qf5
15. Qd5 Na6 16. e4 Qc8 17. Qd7 cxd4 18. Qxc8 Raxc8 19. cxd4 Nb4 20. Kd1 Nc2 21.
Rc1 Nxd4 22. Kd2 Rfd8 23. Rxc8 Rxc8 24. Kd3 Ne6 25. f3 Nc5+ 26. Ke2 Na4 27. Kd3
Nb2+ 28. Ke3 Bxe5 29. Bxe5 Nc4+ 30. Kf4 Nxe5 31. Kxe5 Rc5+ 32. Kd4 Rc2 33. a4
Ra2 34. a5 Rxa5 35. g4 g5 36. f4 gxf4 37. Rxf4 e5+ {White resigns} 0-1

[Event "Team 45 45 League T38"]
[Site "Internet Chess Club"]
[Date "2008.09.15"]
[Round "8"]
[White "lafuga3"]
[Black "ChessChamp"]
[Result "1-0"]
[WhiteElo "1649"]
[BlackElo "1608"]
[Opening "Queen's pawn: stonewall attack"]
[ECO "A45"]
[Time "18:00:47"]
[TimeControl "2700+45"]

1. d4 Nf6 2. e3 d5 3. Bd3 e6 4. f4 c5 5. c3 Nc6 6. Nf3 Bd6 7. O-O O-O 8. Ne5 c4
9. Bc2 Qc7 10. Nd2 Bd7 11. g4 b5 12. g5 Ne8 13. Bxh7+ Kxh7 14. Qh5+ Kg8 15. Rf3
Nxe5 16. fxe5 g6 17. Qh6 Ng7 18. Rh3 Nh5 19. exd6 Qxd6 20. Nf1 Rfe8 21. Ng3 Qf8
22. Nxh5 gxh5 23. Qxh5 Qg7 24. Rh4 e5 25. Bd2 Re6 26. Rf1 Rg6 27. e4 f6 28. exd5
fxg5 29. Re4 g4 30. dxe5 g3 31. h3 g2 32. Rf2 Rg3 33. e6 Be8 34. Qh4 Qg6 35. Rf6
Qg7 36. Bh6 {Black resigns} 1-0

[Event "Team 45 45 League T38"]
[Site "Internet Chess Club"]
[Date "2008.09.14"]
[Round "8"]
[White "gtm"]
[Black "pedrin"]
[Result "0-1"]
[WhiteElo "1704"]
[BlackElo "1628"]
[Opening "Sicilian: Grand Prix attack"]
[ECO "B23"]
[Time "14:00:11"]
[TimeControl "2700+45"]

1. e4 c5 2. Nc3 Nc6 3. f4 e6 4. Nf3 d5 5. Bb5 a6 6. Bxc6+ bxc6 7. O-O Qb6 8. Kh1
Nf6 9. exd5 cxd5 10. Ne5 Bd6 11. Qe1 O-O 12. Ne2 Bd7 13. a4 Rab8 14. Ng1 c4 15.
c3 h6 16. Ngf3 Bc6 17. d4 cxd3 18. Nxd3 Qc7 19. Nde5 Bxe5 20. Nxe5 Rb3 21. Qg3
Rfb8 22. f5 Ne4 23. Qf4 f6 24. Nxc6 Qxc6 25. Qg4 Qc4 26. Bxh6 Nf2+ 27. Rxf2 Qxg4
28. Rf3 Rxb2 29. Rg1 Rxg2 30. Rg3 Rxg3 31. Rxg3 Rb1+ 32. Kg2 Rb2+ 33. Kh1 Qd1+
34. Rg1 Qf3+ {White resigns} 0-1

[Event "Team 45 45 League T38"]
[Site "Internet Chess Club"]
[Date "2008.09.11"]
[Round "8"]
[White "Camalleo"]
[Black "celebrat"]
[Result "1-0"]
[WhiteElo "1601"]
[BlackElo "1638"]
[Opening "French defense"]
[ECO "C00"]
[Time "12:10:38"]
[TimeControl "2700+45"]

1. e4 e6 2. Nf3 d5 3. exd5 exd5 4. d4 Bg4 5. Bb5+ c6 6. Bd3 Nd7 7. O-O Ngf6 8.
Re1+ Be7 9. h3 Be6 10. Nbd2 O-O 11. Ng5 Qb6 12. Nxe6 fxe6 13. Rxe6 Qxd4 14. Nb3
Qh4 15. Rxe7 Ne4 16. Rxd7 Qxf2+ 17. Kh1 Ng3+ 18. Kh2 h5 19. Bg5 Rae8 20. Rxb7 h4
21. Qg4 Re1 22. Rxg7+ Kh8 23. Rh7+ Kg8 24. Bxh4# {Black checkmated} 1-0

[Event "Team 45 45 League T38"]
[Site "Internet Chess Club"]
[Date "2008.09.16"]
[Round "8"]
[White "jjmolina"]
[Black "SugarIslander"]
[Result "1-0"]
[WhiteElo "1735"]
[BlackElo "1654"]
[Opening "Giuoco Piano"]
[ECO "C54"]
[Time "16:00:22"]
[TimeControl "2700+45"]

1. e4 e5 2. Nf3 Nc6 3. Bc4 Bc5 4. c3 Nf6 5. d4 exd4 6. cxd4 Bb4+ 7. Bd2 Bxd2+ 8.
Nbxd2 d5 9. exd5 Nxd5 10. Qb3 Na5 11. Qa4+ c6 12. Bxd5 Qxd5 13. O-O O-O 14. Rfe1
b6 15. Re5 Qd8 16. b4 f6 17. Re3 Nb7 18. Qxc6 a5 19. b5 a4 20. Nc4 Ra7 21. Nxb6
Na5 22. Qd5+ Qxd5 23. Nxd5 Bd7 24. Re7 Rb7 25. Rae1 Bxb5 26. Rxb7 Nxb7 27. Nc7
Bc4 28. a3 Nd6 29. Nd2 Kf7 30. Nxc4 Nxc4 31. Nb5 Rb8 32. Nc3 Nxa3 33. Nxa4 Rb4
34. Nc3 Rxd4 35. Rd1 Rc4 36. Nd5 Nb5 37. Ne3 Rc3 38. Kf1 Ke6 39. Nd5 Rc2 40. Ne3
Ra2 41. Nd5 g5 42. Nb4 Rb2 43. Nd3 Rb3 44. Nc5+ Ke5 45. Nxb3 h5 46. Nc5 Nc3 47.
Rd8 h4 48. Nd7+ Kf4 49. Nxf6 g4 50. Nd5+ Nxd5 51. Rxd5 h3 52. gxh3 gxh3 53. Rd3
Kg4 54. Rg3+ Kh4 55. f4 {Black resigns} 1-0

[Event "Team 45 45 League T38"]
[Site "Internet Chess Club"]
[Date "2008.09.14"]
[Round "8"]
[White "sra66"]
[Black "Juan73"]
[Result "1-0"]
[WhiteElo "1629"]
[BlackElo "1629"]
[Opening "QGD: Marshall defense"]
[ECO "D06"]
[Time "20:28:32"]
[TimeControl "2700+45"]

1. d4 d5 2. c4 Nf6 3. Nc3 Nc6 4. Nf3 Bg4 5. Bg5 dxc4 6. e3 h6 7. Bh4 g5 8. Bg3
Nd7 9. Bxc4 e5 10. O-O f5 11. h3 Bh5 12. Qc2 g4 13. Qxf5 Nf6 14. Nd5 Nxd5 15.
Qxh5+ Ke7 16. Bh4+ Nf6 17. Qf7+ Kd6 18. Qe6# {Black checkmated} 1-0

[Event "Team 45 45 League T38"]
[Site "Internet Chess Club"]
[Date "2008.09.15"]
[Round "8"]
[White "lmadueno"]
[Black "oldsj"]
[Result "1-0"]
[WhiteElo "1539"]
[BlackElo "1546"]
[Opening "Scotch gambit: Dubois-Réti defense"]
[ECO "C55"]
[Time "19:06:57"]
[TimeControl "2700+45"]

1. e4 e5 2. Nf3 Nc6 3. d4 exd4 4. Bc4 Nf6 5. e5 d5 6. Bb5 Ne4 7. O-O Bc5 8. Nxd4
Bd7 9. Bxc6 bxc6 10. Nc3 Nxc3 11. bxc3 O-O 12. Nf3 Bg4 13. Qd3 Bh5 14. Nd4 Bg6
15. Qa6 Bxd4 16. cxd4 Bxc2 17. Qxc6 Bf5 18. Be3 a5 19. a4 Qd7 20. Rfc1 Rfc8 21.
Rc5 Qxc6 22. Rxc6 Bd7 23. Rc5 c6 24. Bd2 Rab8 25. Rxa5 Rb3 26. Rc5 Rcb8 27. h3
Rb1+ 28. Rc1 Rxa1 29. Rxa1 Bc8 30. Rc1 Rb6 31. a5 Ra6 32. Rb1 Ra8 33. Rb6 Bd7
34. Rb7 Be8 35. Bb4 g5 36. Bd6 Kg7 37. Rb8 Rxb8 38. Bxb8 Bd7 39. a6 Bc8 40. a7
Bb7 41. Bd6 Kg6 42. g4 f5 43. e6 fxg4 44. hxg4 Kf6 45. e7 Kf7 46. Kg2 Ke8 47.
Kg3 h6 48. f4 Kf7 49. fxg5 hxg5 50. Kf2 Ke8 51. Ke3 Kd7 52. Bc5 Ke8 53. Kd2 Kd7
54. Kc3 Ba8 55. Kb4 Ke8 56. Ka5 Kd7 57. Kb6 Ke8 58. Kc7 Kf7 59. Kb8 Ke8 60. Kxa8
Kd7 61. Kb7 {Black resigns} 1-0

[Event "Team 45 45 League T38"]
[Site "Internet Chess Club"]
[Date "2008.09.14"]
[Round "8"]
[White "beerss"]
[Black "Shereshevsky"]
[Result "0-1"]
[WhiteElo "1454"]
[BlackElo "1631"]
[Opening "Bird's opening"]
[ECO "A02"]
[Time "21:00:11"]
[TimeControl "2700+45"]

1. f4 Nf6 2. e3 g6 3. Nf3 Bg7 4. Bd3 d6 5. O-O O-O 6. Nc3 Nc6 7. Bb5 a6 8. Bxc6
bxc6 9. d3 Rb8 10. Rb1 a5 11. a4 Ba6 12. b3 Qd7 13. h3 Rfe8 14. Rf2 c5 15. Ne2
c4 16. Ba3 cxd3 17. cxd3 Nd5 18. e4 Nb4 19. Bxb4 Rxb4 20. Kh1 Reb8 21. Ng3 Qxa4
22. Qc2 Rxb3 23. Rxb3 Qxb3 24. Qxc7 Qb6 25. Qxe7 Qxf2 26. Qxd6 Ra8 27. Qd5 Qa7
28. Qxa5 Bxd3 29. Qd5 Qa3 30. Ng5 Ra7 31. Qd8+ Bf8 32. Kh2 h6 33. Nf3 Ra8 34.
Qd5 Bg7 35. e5 Qa6 36. Nd4 Bc4 37. Qd7 Be6 38. Qe7 Qb6 39. Nf3 Qf2 40. Qb7 Ra2
41. Nd4 Qxd4 {White resigns} 0-1

[Event "Team 45 45 League T38"]
[Site "Internet Chess Club"]
[Date "2008.09.14"]
[Round "8"]
[White "rubo"]
[Black "gagdad"]
[Result "1-0"]
[WhiteElo "1750"]
[BlackElo "1725"]
[Opening "Bird's opening"]
[ECO "A03"]
[Time "23:37:41"]
[TimeControl "2700+45"]

1. f4 d5 2. Nf3 c5 3. e3 Bg4 4. Bb5+ Nc6 5. O-O a6 6. Bxc6+ bxc6 7. c4 e6 8. Qa4
Qb6 9. Ne5 Be2 10. Rf2 Bxc4 11. Nxc4 dxc4 12. Nc3 Nf6 13. Qxc4 Nd5 14. b3 Rd8
15. Na4 Qb5 16. Ba3 Qxc4 17. bxc4 Nb4 18. Bxb4 cxb4 19. d4 Be7 20. c5 O-O 21.
Nb6 Bf6 22. Kf1 Rfe8 23. a3 a5 24. axb4 axb4 25. Rb1 Re7 26. Rxb4 Ra7 27. Rfb2
Rb8 28. Nd7 Rxb4 29. Nxf6+ gxf6 30. Rxb4 Rc7 31. g4 Kg7 32. Kf2 h5 33. h3 h4 34.
Rb6 Rc8 35. Kf3 f5 36. gxf5 exf5 37. e4 fxe4+ 38. Kxe4 Re8+ 39. Kf3 Re6 40. f5
Re1 41. Rxc6 f6 42. Re6 Rd1 43. Ke4 Rh1 44. c6 Rxh3 45. d5 Rc3 46. Kd4 Rc1 47.
d6 h3 48. Re7+ Kh6 49. Re3 Rxc6 50. Kd5 Rc1 51. Rxh3+ Kg5 52. Rf3 Rd1+ 53. Ke6
Re1+ 54. Kf7 Rd1 55. Ke7 Re1+ 56. Kd8 Rd1 57. d7 Kg4 58. Rf2 Kg3 59. Rc2 Kg4 60.
Rc5 Rh1 61. Kc8 Rh8+ {Black resigns} 1-0

[Event "Team 45 45 League T38"]
[Site "Internet Chess Club"]
[Date "2008.09.14"]
[Round "8"]
[White "okun"]
[Black "Jozin"]
[Result "1/2-1/2"]
[WhiteElo "1577"]
[BlackElo "1657"]
[Opening "Réti: King's Indian attack (Barcza system)"]
[ECO "A07"]
[Time "08:01:54"]
[TimeControl "2700+45"]

1. Nf3 d5 2. g3 c6 3. Bg2 Nf6 4. O-O Bf5 5. d3 e6 6. Nh4 Bg4 7. h3 Bh5 8. g4
Nfd7 9. Nf3 Bg6 10. Bg5 Be7 11. Bxe7 Qxe7 12. Nbd2 Nf6 13. Ne5 Nbd7 14. Nxg6
hxg6 15. Nf3 O-O-O 16. a4 Qd6 17. e3 Ne5 18. Nxe5 Qxe5 19. b3 Rh4 20. Re1 Rdh8
21. Kf1 Qc7 22. f4 g5 23. Qf3 Nh7 24. f5 Qe5 25. e4 Nf6 26. exd5 Qxd5 27. Qxd5
Nxd5 28. fxe6 fxe6 29. Rxe6 Nf4 30. Re3 Nxh3 31. Bxh3 Rxh3 32. Rxh3 Rxh3 33. Kg2
Re3 34. Kf2 Rh3 35. Re1 Rh2+ 36. Ke3 Rxc2 37. Re2 Rxe2+ 38. Kxe2 Kd7 39. Ke3 Kd6
40. Kd4 c5+ 41. Ke4 g6 42. d4 cxd4 43. Kxd4 a5 44. Kc4 Ke5 45. Kb5 Kf4 46. Kxa5
Kxg4 47. Kb6 Kf5 48. Kxb7 g4 49. a5 g3 50. a6 g2 51. a7 g1=Q 52. a8=Q Qh1+ 53.
Kb8 Qh8+ 54. Ka7 Qd4+ 55. Kb8 Qd8+ 56. Ka7 Qa5+ 57. Kb8 Qe5+ 58. Ka7 Qe3+ 59.
Ka6 Qxb3 60. Qf8+ Kg5 61. Qe7+ Kh6 62. Qf8+ Kh7 63. Qe7+ Kh6 64. Qf8+ Kg5 65.
Qe7+ Kf5 66. Qf8+ Ke5 67. Qg7+ Kf5 68. Qf8+ {Game drawn by repetition} 1/2-1/2

[Event "Team 45 45 League T38"]
[Site "Internet Chess Club"]
[Date "2008.09.14"]
[Round "8"]
[White "GamePlayer"]
[Black "Pranav1"]
[Result "1/2-1/2"]
[WhiteElo "1668"]
[BlackElo "1521"]
[Opening "Scotch game"]
[ECO "C45"]
[Time "10:35:39"]
[TimeControl "2700+45"]

1. e4 e5 2. Nf3 Nc6 3. d4 exd4 4. Nxd4 Be7 5. Nf5 Bf6 6. Bc4 Nge7 7. O-O Nxf5 8.
exf5 O-O 9. Nc3 d6 10. Bd3 Bxc3 11. bxc3 Qf6 12. Rb1 Rb8 13. Qh5 h6 14. Re1 Ne5
15. Be4 c6 16. Bb2 d5 17. c4 dxe4 18. Rxe4 Re8 19. Rbe1 Qxf5 20. Qxf5 Bxf5 21.
Rxe5 Rxe5 22. Rxe5 Bxc2 23. c5 Kf8 24. Kf1 f6 25. Re3 Rd8 26. Ke2 Bd1+ 27. Ke1
Bc2 28. Ke2 Rd5 29. Kf3 Bd1+ 30. Kg3 Rg5+ 31. Kh3 Bg4+ 32. Kh4 Bf5 33. Rg3 Rxg3
34. Kxg3 Ke7 35. a4 b6 36. cxb6 axb6 37. Bc3 Bc2 38. a5 bxa5 39. Bxa5 Be4 40.
Bb4+ Kf7 41. f3 Bd5 42. h4 g5 43. hxg5 hxg5 44. Kf2 f5 45. Bd2 Kf6 46. f4 gxf4
47. Bxf4 Be4 48. g3 Ke6 49. Ke3 Kd5 50. Kd2 c5 51. Kc3 c4 52. Be3 Bd3 53. Bf4
Ke4 54. Bc7 Kf3 55. Kd4 Ke2 56. Kc3 Kd1 57. Bf4 Ke2 58. Kd4 Kd1 59. Kc3 Ke1 60.
Bd2+ Ke2 61. Bc1 Kf3 62. Bf4 Ke2 {Game drawn by mutual agreement} 1/2-1/2

[Event "Team 45 45 League T38"]
[Site "Internet Chess Club"]
[Date "2008.09.10"]
[Round "8"]
[White "ticopatzer"]
[Black "albacore"]
[Result "1-0"]
[WhiteElo "1463"]
[BlackElo "1307"]
[Opening "Scandinavian: Marshall variation"]
[ECO "B01"]
[Time "18:55:38"]
[TimeControl "2700+45"]

1. e4 d5 2. exd5 Nf6 3. d4 Nxd5 4. c4 Nb6 5. Nf3 Bf5 6. Nc3 N8d7 7. c5 Nc8 8.
Bc4 e6 9. O-O Be7 10. Bf4 c6 11. Re1 b6 12. b4 b5 13. Bb3 a5 14. a4 axb4 15.
axb5 Rxa1 16. Qxa1 bxc3 17. bxc6 Nf6 18. c7 Qd7 19. Ba4 Qxa4 20. Qxa4+ Nd7 21.
Ne5 {Black resigns} 1-0

[Event "Team 45 45 League T38"]
[Site "Internet Chess Club"]
[Date "2008.09.14"]
[Round "8"]
[White "parrot9"]
[Black "thepawneater"]
[Result "1/2-1/2"]
[WhiteElo "1686"]
[BlackElo "1824"]
[Opening "Ruy Lopez: closed, Chigorin defense"]
[ECO "C97"]
[Time "11:01:05"]
[TimeControl "2700+45"]

1. e4 e5 2. Nf3 Nc6 3. Bb5 a6 4. Ba4 Nf6 5. O-O Be7 6. Re1 b5 7. Bb3 O-O 8. h3
d6 9. c3 Na5 10. Bc2 c5 11. d4 Qc7 12. d5 Bd7 13. Nbd2 b4 14. c4 Nb7 15. Nf1 a5
16. b3 a4 17. bxa4 Qa5 18. Ng3 Bxa4 19. Nf5 Rfe8 20. Nxe7+ Rxe7 21. Bg5 Bd7 22.
Bxf6 gxf6 23. Nh4 Kh8 24. Qf3 Kg7 25. Nf5+ Bxf5 26. Qxf5 Qd8 27. Re3 Qh8 28. Rf3
Kf8 29. Qxf6 Qxf6 30. Rxf6 Kg7 31. Rf3 Na5 32. Bb3 Rea7 33. Rg3+ Kf8 34. Rf1 f6
35. f4 Rf7 36. Rgf3 Raa7 37. fxe5 fxe5 38. Rxf7+ Rxf7 39. Rxf7+ Kxf7 40. Kf2 Kf6
41. g3 Kg5 42. Ke3 Nb7 43. Bd1 Nd8 44. h4+ Kg6 {Game drawn by mutual agreement}
1/2-1/2

[Event "Team 45 45 League T38"]
[Site "Internet Chess Club"]
[Date "2008.09.14"]
[Round "8"]
[White "ChessChump"]
[Black "ElmerHo"]
[Result "1/2-1/2"]
[WhiteElo "1433"]
[BlackElo "1583"]
[Opening "Two knights defense (Modern bishop's opening)"]
[ECO "C55"]
[Time "18:00:08"]
[TimeControl "2700+45"]

1. e4 e5 2. Nf3 Nc6 3. Bc4 Nf6 4. d3 Be7 5. c3 O-O 6. O-O d6 7. Re1 Na5 8. Na3
a6 9. b4 Nxc4 10. Nxc4 b6 11. Bb2 Bb7 12. Nh4 Nxe4 13. Nf5 Ng5 14. Qg4 Bc8 15.
h4 Bxf5 16. Qxf5 Ne6 17. Qg4 Bxh4 18. g3 Bf6 19. Bc1 Re8 20. Ne3 Qc8 21. Nd5 Qd8
22. Re3 c6 23. Nxf6+ Qxf6 24. Rf3 Qe7 25. Bh6 g6 26. Re1 Kh8 27. Rfe3 f5 28. Qc4
Qd7 29. Qh4 Qe7 30. Qc4 Qd7 31. d4 b5 32. Qd3 e4 33. Qd2 d5 34. Qe2 Qe7 35. f3
Ng5 36. f4 Nf7 37. Bg5 Nxg5 38. fxg5 Qxg5 39. Qf2 Rf8 40. Kg2 f4 41. R3e2 f3+
42. Kh2 fxe2 43. Qxe2 Qh5+ 44. Qxh5 gxh5 45. Re3 Rf3 46. Rxf3 exf3 47. Kg1 Re8
48. Kf2 Re2+ 49. Kxf3 Rxa2 50. Kf4 Ra3 51. Ke5 Rxc3 52. Kd6 Kg7 53. Ke5 Rxg3 54.
Kd6 Rc3 55. Ke5 h4 56. Kd6 h3 57. Kc7 h2 58. Kb6 h1=Q 59. Kxa6 Qd1 60. Kb7 Qxd4
61. Kc7 Re3 62. Kb7 Qxb4 63. Kb6 Qd6 64. Ka5 Ra3+ 65. Kb6 b4 66. Kb7 c5 67. Kc8
Qc6+ 68. Kd8 Ra7 {White stalemated} 1/2-1/2

[Event "Team 45 45 League T38"]
[Site "Internet Chess Club"]
[Date "2008.09.12"]
[Round "8"]
[White "civilization"]
[Black "HappyTiger"]
[Result "0-1"]
[WhiteElo "1588"]
[BlackElo "1556"]
[Opening "Sicilian: Alapin's variation (2.c3)"]
[ECO "B22"]
[Time "20:05:19"]
[TimeControl "2700+45"]

1. e4 c5 2. c3 g6 3. d4 cxd4 4. cxd4 d5 5. e5 Bg7 6. Nf3 Bg4 7. Nc3 Nc6 8. Bb5
e6 9. h3 Bxf3 10. Qxf3 Ne7 11. Bg5 O-O 12. Bxc6 bxc6 13. O-O Rb8 14. Na4 h6 15.
Bxe7 Qxe7 16. Qc3 Qb4 17. b3 Qxc3 18. Nxc3 Rb4 19. Rfd1 f6 20. f4 g5 21. g3 h5
22. Ne2 h4 23. Rac1 hxg3 24. Rxc6 Rb6 25. Rxb6 axb6 26. Kg2 fxe5 27. dxe5 gxf4
28. Nd4 Kf7 29. Re1 Ke7 30. Kf3 Bh6 31. Rc1 Kd7 32. Rc6 Rg8 33. Rc1 Bg7 34. Ne2
Bxe5 35. Rg1 Rf8 36. Nc1 Bd4 37. Rg2 e5 38. h4 e4+ 39. Kg4 f3 {White resigns}
0-1

[Event "Team 45 45 League T38"]
[Site "Internet Chess Club"]
[Date "2008.09.14"]
[Round "8"]
[White "Kravier"]
[Black "Invicta-Knight"]
[Result "0-1"]
[WhiteElo "1498"]
[BlackElo "1522"]
[Opening "Queen's bishop game"]
[ECO "D02"]
[Time "08:04:21"]
[TimeControl "2700+45"]

1. Nf3 d5 2. d4 Nf6 3. Bf4 g6 4. e3 Bg7 5. Bd3 c5 6. Bxb8 Rxb8 7. Bb5+ Bd7 8.
Bxd7+ Nxd7 9. O-O O-O 10. Nc3 e6 11. b3 Qe7 12. a4 Rfc8 13. Qd3 c4 14. bxc4 Rxc4
15. Rfb1 Rbc8 16. Ne2 Nf6 17. c3 Ne4 18. Rb3 Qc7 19. Rab1 Nxc3 20. Rxb7 Nxe2+
21. Qxe2 Rc1+ 22. Ne1 Qa5 23. R7b5 Qxa4 24. Rb8 Bf8 25. h4 Rxb8 26. Rxc1 Kg7 27.
Nf3 Qa3 28. Qd1 Qb3 29. g4 Qxd1+ 30. Rxd1 a5 31. Ra1 Ra8 32. Ra4 Bd6 33. Kg2 Bc7
34. Ne5 Bxe5 35. dxe5 f6 36. f4 Kf7 37. Kf3 f5 38. Kg3 Ke7 39. gxf5 gxf5 40. Kf2
Kd7 41. Ke2 Kc6 42. Kd3 Kb5 43. Ra1 Kb4 44. Rb1+ Kc5 45. Rb7 a4 46. Rc7+ Kb6 47.
Rc2 a3 48. Ra2 Kb5 49. Kc3 h5 50. Kb3 Kc5 51. Rc2+ Kb5 52. Ra2 Ra4 53. Kc3 Re4
54. Kd3 Kb4 55. Ra1 Ka4 56. Kd2 Rb4 57. Kc2 Rb2+ 58. Kc3 Rh2 59. Rg1 a2 60. Ra1
Ka3 61. e4 dxe4 62. Kc4 Rb2 63. Kc5 Rb1 64. Rxa2+ Kxa2 65. Kd6 Rb6+ 66. Kc5 Ra6
67. Kb5 Ra8 68. Kc6 Rh8 69. Kd6 Rh6 70. Ke7 e3 {White resigns} 0-1

[Event "Team 45 45 League T38"]
[Site "Internet Chess Club"]
[Date "2008.09.14"]
[Round "8"]
[White "DaMelch"]
[Black "Just-Jim"]
[Result "0-1"]
[WhiteElo "1269"]
[BlackElo "1437"]
[Opening "KGD: Falkbeer counter-gambit"]
[ECO "C31"]
[Time "17:00:08"]
[TimeControl "2700+45"]

1. e4 e5 2. f4 d5 3. exd5 Qxd5 4. Nc3 Qe6 5. Qe2 exf4 6. Qxe6+ Bxe6 7. d4 Bd6 8.
Nf3 Nf6 9. Bb5+ c6 10. Ba4 b5 11. Bb3 Bxb3 12. axb3 O-O 13. O-O Re8 14. Nh4 a5
15. Bxf4 Bxf4 16. Rxf4 b4 17. Na4 Nbd7 18. Rf5 Re2 19. Nc5 Rxc2 20. Nxd7 Nxd7
21. Rfxa5 Rxa5 22. Rxa5 g6 23. Ra4 Nf6 24. h3 Rxb2 25. Rxb4 Ne4 26. Nf3 Kg7 27.
Ne5 c5 28. dxc5 Nxc5 29. Nc4 Rxb3 30. Rxb3 Nxb3 31. Kf2 Kf6 32. Ne3 h5 33. Nd5+
Ke5 34. Ne3 f6 35. g3 Nc5 36. g4 h4 37. Ng2 g5 38. Kg1 Ke4 39. Ne1 Kf4 40. Ng2+
Kg3 41. Ne3 Kxh3 42. Kh1 Ne4 43. Kg1 Kg3 44. Kf1 Kf3 45. Ng2 Kxg4 46. Kg1 h3 47.
Ne3+ Kf3 48. Nf5 g4 49. Nh4+ Kg3 50. Ng2 h2+ {White resigns} 0-1

[Event "Team 45 45 League T38"]
[Site "Internet Chess Club"]
[Date "2008.09.10"]
[Round "8"]
[White "reverendjim"]
[Black "jeffk"]
[Result "0-1"]
[WhiteElo "1172"]
[BlackElo "1166"]
[Opening "Pirc: classical system, 5.Be2"]
[ECO "B08"]
[Time "19:17:09"]
[TimeControl "2700+45"]

1. e4 d6 2. d4 g6 3. Nf3 Nf6 4. Nc3 Bg7 5. Be2 O-O 6. O-O c5 7. d5 e6 8. a4 exd5
9. exd5 Bf5 10. Bd3 Bxd3 11. Qxd3 Nbd7 12. Bf4 Nb6 13. Bg5 Qd7 14. Bxf6 Bxf6 15.
a5 Nc8 16. Rfe1 Ne7 17. Ra2 a6 18. Qc4 Nf5 19. b4 cxb4 20. Qxb4 Rfe8 21. Ne4 Bg7
22. c4 Rac8 23. Rae2 Re7 24. h3 Rce8 25. c5 dxc5 26. Qc4 Qb5 27. Nfd2 Qxc4 28.
Nxc4 Nd4 29. Ncd6 Rd8 30. Rb2 Nf3+ 31. gxf3 Bxb2 32. Rb1 Bg7 33. Rxb7 Rxb7 34.
Nxb7 Rxd5 35. Nbxc5 Bd4 36. Nxa6 Rxa5 37. Nb4 Rb5 38. Nc2 Be5 39. Ne3 f5 40. Ng5
Bf4 41. Ne6 Bxe3 42. fxe3 Rb1+ 43. Kg2 h5 44. Ng5 Rb2+ 45. Kg3 Kg7 46. e4 fxe4
47. Nxe4 Rb1 48. Kg2 h4 49. Ng5 Rb2+ 50. Kh1 Kf6 51. Nh7+ Kf5 52. Nf8 Rf2 53.
Nd7 {White resigns} 0-1

[Event "Team 45 45 League T38"]
[Site "Internet Chess Club"]
[Date "2008.09.12"]
[Round "8"]
[White "chips"]
[Black "king4aknight"]
[Result "1-0"]
[WhiteElo "1203"]
[BlackElo "1058"]
[Opening "Queen's pawn game"]
[ECO "D00"]
[Time "13:53:38"]
[TimeControl "2700+45"]

1. d4 d5 2. e3 Nc6 3. Bb5 a6 4. Bxc6+ bxc6 5. Nf3 Bg4 6. Nbd2 Nf6 7. h3 Bh5 8.
O-O Qd6 9. c4 Ne4 10. c5 Qg6 11. Ne5 Qf5 12. g4 Qg5 13. Nxc6 a5 14. Ne5 f6 15.
Nef3 Qg6 16. Nh4 Qg5 17. Ndf3 Qh6 18. Qa4+ Kf7 19. Qd7 g6 20. Qxd5+ e6 21. Qxa8
g5 22. Qxe4 gxh4 23. Nxh4 Rg8 24. f3 Qg5 25. Ng2 Bg6 26. Qb7 Bf5 27. Qxc7+ Be7
28. e4 Bxg4 29. Bxg5 fxg5 30. fxg4+ {Black resigns} 1-0

[Event "Team 45 45 League T38"]
[Site "Internet Chess Club"]
[Date "2008.09.13"]
[Round "8"]
[White "XelNaga"]
[Black "akdog3"]
[Result "1/2-1/2"]
[WhiteElo "2406"]
[BlackElo "2246"]
[Opening "Nimzo-Indian: Fischer variation"]
[ECO "E43"]
[Time "12:15:45"]
[TimeControl "2700+45"]

1. d4 Nf6 2. c4 e6 3. Nc3 Bb4 4. e3 b6 5. Bd3 Bb7 6. Nf3 O-O 7. O-O d5 8. a3 Bd6
9. cxd5 exd5 10. b4 a6 11. Qb3 Qe7 12. b5 axb5 13. Nxb5 Nbd7 14. Nxd6 Qxd6 15.
a4 Ba6 16. Rd1 Bxd3 17. Rxd3 c5 18. Ba3 Qc6 19. dxc5 bxc5 20. Bb2 Rfb8 21. Qc2
Rb4 22. Ne5 {Game drawn by mutual agreement} 1/2-1/2

[Event "Team 45 45 League T38"]
[Site "Internet Chess Club"]
[Date "2008.09.14"]
[Round "8"]
[White "bbentrup"]
[Black "frothyjowels"]
[Result "0-1"]
[WhiteElo "2189"]
[BlackElo "2244"]
[Opening "Scandinavian (center counter) defense"]
[ECO "B01"]
[Time "20:30:28"]
[TimeControl "2700+45"]

1. e4 d5 2. exd5 Qxd5 3. Nc3 Qa5 4. d4 Nf6 5. Bc4 Bg4 6. Ne2 Nc6 7. O-O O-O-O 8.
f3 Bh5 9. Be3 e5 10. Nb5 a6 11. a4 Kb8 12. c3 Qb6 13. b4 Ne7 14. Na3 Ned5 15. a5
Nxe3 16. axb6 Nxd1 17. bxc7+ Kxc7 18. Rfxd1 e4 19. Nf4 exf3 20. Nxh5 Nxh5 21.
Bxf7 g6 22. gxf3 Bd6 23. b5 Bxa3 24. Rxa3 axb5 25. Rb3 Rhf8 26. Be6 Nf4 27. Bg4
h5 28. Rxb5 hxg4 29. Rdb1 Ne2+ 30. Kf2 gxf3 31. Rxb7+ Kc6 32. R1b6+ Kd5 33. Rxg6
Nxc3 34. Rg5+ Kc4 35. Rc7+ Kd3 36. Re5 Ne4+ 37. Kf1 Ra8 38. Rc1 Ra2 39. Rd1+ Ke3
40. d5 Rf2+ 41. Kg1 Rg8+ 42. Kh1 Rgg2 43. d6 Rxh2+ 44. Kg1 Rfg2+ {White resigns}
0-1

[Event "Team 45 45 League T38"]
[Site "Internet Chess Club"]
[Date "2008.09.12"]
[Round "8"]
[White "cappelo-upgrate"]
[Black "DTK"]
[Result "1/2-1/2"]
[WhiteElo "2231"]
[BlackElo "2179"]
[Opening "Nimzo-Indian: classical variation"]
[ECO "E32"]
[Time "16:02:36"]
[TimeControl "2700+45"]

1. d4 Nf6 2. c4 e6 3. Nc3 Bb4 4. Qc2 O-O 5. Nf3 b6 6. e4 Bb7 7. Bd3 Bxc3+ 8.
bxc3 h6 9. e5 Ne8 10. O-O d6 11. Ba3 Nd7 12. Rad1 c5 13. Be4 Bxe4 14. Qxe4 Rc8
15. Qf4 Qc7 16. Rfe1 dxe5 17. dxe5 Rd8 18. Qg4 Nb8 19. Bc1 Kh7 20. Qh4 Rxd1 21.
Rxd1 Nc6 22. Bf4 Ne7 23. Bg3 Nf5 24. Qe4 Kg8 25. Bf4 Qc8 26. g4 Ne7 27. g5 hxg5
28. Nxg5 Nf5 29. Qg2 f6 30. exf6 Nxf6 31. Be5 Nh7 32. Ne4 Rd8 33. Nd6 Rd7 34.
Nxc8 Rxd1+ 35. Qf1 Rxf1+ 36. Kxf1 Nf8 37. Nxa7 Nd7 38. Bc7 Ne7 39. Ke2 Kf7 40.
Kd3 Kf6 41. Ke4 e5 42. Bd8 Ke6 43. Bxe7 Kxe7 44. Kd5 Nf6+ 45. Kxe5 Ng4+ 46. Kf5
Nxf2 47. Nc8+ Kd7 48. Nxb6+ Kc6 49. Nd5 Nd3 50. Kg6 Ne5+ 51. Kxg7 Nxc4 52. Nf4
Ne3 53. Kg6 c4 54. h4 Ng4 55. h5 Kd6 56. h6 Nxh6 57. Kxh6 Ke5 58. Ng2 Ke4 59. a4
Kd3 60. a5 Kxc3 61. a6 Kb2 62. a7 c3 63. a8=Q c2 64. Qb7+ Ka1 65. Qa6+ Kb1 66.
Qb6+ Ka1 67. Qa5+ Kb1 68. Qb4+ Ka1 69. Qd4+ Kb1 70. Qd3 Kb2 {Game drawn by
mutual agreement} 1/2-1/2

[Event "Team 45 45 League T38"]
[Site "Internet Chess Club"]
[Date "2008.09.14"]
[Round "8"]
[White "Ser-Enigma"]
[Black "PandorasBox"]
[Result "0-1"]
[WhiteElo "2103"]
[BlackElo "2188"]
[Opening "French: advance, Paulsen attack"]
[ECO "C02"]
[Time "04:11:23"]
[TimeControl "2700+45"]

1. e4 e6 2. d4 d5 3. e5 c5 4. c3 Nc6 5. Nf3 Nge7 6. Na3 cxd4 7. cxd4 Nf5 8. Nc2
Nb4 9. Be2 Qb6 10. Ne3 Nxe3 11. Bxe3 Bd7 12. a3 Nc6 13. b4 Be7 14. h4 Rc8 15.
O-O O-O 16. Qd3 f5 17. exf6 Bxf6 18. Ng5 Bxg5 19. hxg5 Ne7 20. g4 Qd6 21. Qd2 a6
22. a4 b5 23. Rfc1 bxa4 24. Rc5 Ng6 25. Ra5 Bb5 26. Bxb5 axb5 27. Rxb5 Nh4 28.
Qd1 Rf7 29. Rc5 Rcf8 30. Kf1 Qg3 31. Qd2 Ng2 32. Ke2 Rxf2+ 33. Bxf2 Rxf2+ 34.
Kd1 Rxd2+ 35. Kxd2 Qe3+ 36. Kc2 Qb3+ 37. Kc1 Qxb4 38. Rb1 Qxd4 39. Rb8+ Kf7 40.
Rc7+ Kg6 41. Rbb7 Nf4 42. Kb1 a3 43. Ka2 Nh3 44. Kxa3 Nxg5 45. Re7 Qf6 46. Kb4
Ne4 47. Ka5 d4 48. Rec7 d3 49. Rc4 d2 50. Rd7 Qa1+ 51. Kb6 d1=Q 52. Rxd1 Qxd1
{White resigns} 0-1